 Dungeon Crawl Stone Soup version 0.31.0-11-ge490571c62 (webtiles) character file.

Game seed: 16346952075314128439

11952 shadizar the Fighter (level 12, -6/92 HPs)
             Began as a Djinni Conjurer on Feb 4, 2024.
             Was a Priest of Makhleb.
             Killed from afar by a bog body (46 damage)
             ... with a bolt of cold
             ... on level 2 of the Lair of Beasts.
             The game lasted 00:12:58 (10702 turns).

shadizar the Fighter (Djinni Conjurer)             Turns: 10702, Time: 00:12:59

Health: -6/92      AC: 11    Str:  6    XL:     12   Next: 14%
Gold:   543        EV: 14    Int: 31    God:    Makhleb [***...] SH:  0 Dex: 12

rFire   + + .        s - staff of earth
rCold   x . .        (no shield)
rNeg    . . .        u - +0 acid dragon scales
rPois   ∞            (no helmet)
rElec   .            (no cloak)
rCorr   +            (no gloves)
SInv    .            (boots unavailable)
Will    +....        (no amulet)
Stlth   ++           e - +4 ring of protection
HPRegen 0.35/turn    h - +6 ring of intelligence
MPRegen 0.00/turn

%: infuse magic (-7 HP)
@: flying, slowed, very slow
A: sickness immunity, fire resistance 2, cold vulnerability 1, float, innate
caster, HP casting, extra vitality 1
a: Renounce Religion, Minor Destruction, Lesser Servant of Makhleb


You were on level 2 of the Lair of Beasts.
You worshipped Makhleb.
Makhleb was most pleased with you.
You visited 3 branches of the dungeon, and saw 11 of its levels.
You also visited: Sewer.

You collected 543 gold pieces.

Inventory:

Armour
 a - a +1 robe
 u - +0 acid dragon scales (worn)
 x - +0 steam dragon scales
Magical Staves
 s - a staff of earth (weapon)
 I - a staff of air
Jewellery
 e - a +4 ring of protection (left hand)
 h - a +6 ring of intelligence (right hand)
 j - a ring of resist corrosion
 w - the amulet of Elemental Vulnerability {rPois rF-- rC-- AC+8}
   (You found it on level 4 of the Dungeon)

   [amulet of nothing]

   AC+8:      It affects your AC (+8).
   rF--:      It makes you very vulnerable to fire.
   rC--:      It makes you very vulnerable to cold.
   rPois:     It protects you from poison
 D - a ring of wizardry
 H - a +4 ring of slaying
Wands
 r - a wand of paralysis (18)
 z - a wand of polymorph (6)
 B - a wand of light (11)
 C - a wand of flame (19)
Scrolls
 d - 2 scrolls of fog
 g - 9 scrolls of teleportation
 k - 3 scrolls of immolation
 m - 5 scrolls of blinking
 q - a scroll of butterflies
 y - 2 scrolls of identify
 E - a scroll of revelation
 G - a scroll of fear {unknown}
 J - a scroll of silence {unknown}
Potions
 b - 2 potions of might
 c - 3 potions of mutation {unknown}
 f - 3 potions of heal wounds
 i - 3 potions of curing
 l - a potion of brilliance
 n - a potion of magic {unknown}
 o - 2 potions of invisibility
 p - a potion of cancellation
 t - a potion of degeneration
 v - 2 potions of lignification
 A - 4 potions of enlightenment
 F - a potion of berserk rage {unknown}


   Skills:
 + Level 10.5 Fighting
 + Level 7.0 Armour
 + Level 9.8 Dodging
 - Level 2.0 Stealth
 + Level 8.9 Spellcasting
 + Level 8.9 Conjurations
 + Level 8.9 Hexes
 + Level 8.9 Summonings
 + Level 8.9 Necromancy
 + Level 8.9 Translocations
 + Level 8.9 Fire Magic
 + Level 8.9 Ice Magic
 + Level 8.9 Air Magic
 + Level 8.9 Earth Magic
 + Level 8.9 Alchemy


You knew the following spells:

 Your Spells              Type           Power      Damage    Failure   Level
a - Magic Dart            Conj           100%       1d8       1%          1
b - Searing Ray           Conj           100%       2d8       1%          2
c - Fulminant Prism       Conj/Alch      31%        3d15      1%          4
d - Iskenderun's Mystic   Conj/Tloc      62%        2d13      1%          4
e - Shock                 Conj/Air       100%       1d9       1%          1
f - Scorch                Fire           100%       2d9       1%          2
g - Gell's Gravitas       Tloc           62%        N/A       1%          3
h - Swiftness             Air            62%        N/A       1%          3
i - Alistair's Intoxicat  Alch           41%        N/A       4%          5
Your spell library was empty.

Dungeon Overview and Level Annotations

Branches:
Dungeon (8/15)             Temple (1/1) D:4            Lair (2/5) D:8
  Sewer (visited)
  Swamp: Lair:2-3    Shoals: Lair:2-3     Snake: Lair:2-3    Spider: Lair:2-3

Altars:
Ashenzari
Cheibriados
Dithmenos
Elyvilon
Fedhas
Hepliaklqana
Makhleb
Nemelex Xobeh
Okawaru
Qazlal
Ru
Trog
Uskayaw
Wu Jian
Xom
Yredelemnul
Zin
The Shining One

Shops:
D:2 (   D:5 ?(

Annotations:
D:4 1 runed translucent door, Crazy Yiuf


Innate Abilities, Weirdness & Mutations

You are immune to sickness and miasma.
You are immune to poison.
Your flesh is very heat resistant. (rF++)
You are vulnerable to cold. (rC-)
You float through the air rather than walking.
You learn spells naturally, not from books.
Your magical power is your life essence.
You have superior vitality. (+4 MHP)


Message History

The mystic blast hits the black mamba!
You kill the black mamba!
Makhleb accepts your kill.
You feel better.
Your Armour skill increases to level 7!
Unknown command.
A nearby plant withers and dies.
A - 4 potions of enlightenment (gained 1)
A bog body comes into view.
The bog body points at you and mumbles some strange words.
You feel yourself slow down.
Unknown command.
The magic dart hits the bog body.
The bog body is lightly damaged.
The magic dart hits the bog body.
The bog body is moderately damaged.
Casting: Magic Dart (safe; 1% risk of failure)
Confirm with . or Enter, or press ? or * to list all spells.
You erupt in a blast of force!
The mystic blast hits the bog body!
The bog body is severely damaged.
The bog body is knocked back by the mystic blast.
The bog body slams into the tree!
The bog body is almost destroyed.
You hear a shout!
The bog body casts a spell at you. The bolt of cold hits you!!!
You feel a terrible chill!
Unknown command.
Unknown command.
Unknown command.
Casting: Iskenderun's Mystic Blast (mildly dangerous; 1% risk of failure)
Confirm with . or Enter, or press ? or * to list all spells.
Aiming: Fulminant Prism (mildly dangerous; 1% risk of failure)
Press: ? - help, Dir - move target, p - bog body You conjure a prism of explosive energy!
A fulminant prism comes into view.
A bog body comes into view.
You are too injured to fight recklessly!
The bog body casts a spell at you. The bolt of cold hits you!!!
You feel a terrible chill!
Ouch! That really hurt!
You die...

#...............#
#..............##
###P..........#.###
♣#P♣..........#.#
♣♣♣♣♣.........##
♣♣♣♣♣♣♣♣.....##
~~≈~~≈~♣♣♣....##
.n..♣.♣...⌠....#
♣.n..@..⌠....#
≈~~~*.~♣♣♣..####
♣♣♣♣♣♣♣ ..## .## .
..


You could see 2 bog bodies and a friendly fulminant prism.

Vanquished Creatures
  2 black mambas (Lair:2)
  2 cane toads (Lair:1)
  Maggie (D:7)
  A rime drake (Lair:1)
  3 komodo dragons
  17 blink frogs
  A wyvern (Lair:2)
  2 basilisks (Lair:1)
  A steam dragon (D:7)
  6 yaks (Lair:2)
  7 water moccasins
  3 black bears
  3 orc warriors
  2 sky beasts (D:7)
  An ogre (D:5)
  9 wolves
  A phantom (D:5)
  2 brain worms (Sewer)
  A scorpion (D:4)
  A bullfrog (Lair:2)
  A gnoll sergeant (D:7)
  7 wights
  A jelly (D:7)
  15 killer bees
  A howler monkey (D:6)
  3 bombardier beetles
  4 centaur zombies (D:8)
  3 hounds
  A gnoll bouda (D:7)
  4 orc priests
  A sleepcap (D:6)
  Jessica (D:2)
  An iguana (D:6)
  4 orc wizards
  A mummy (D:8)
  15 gnolls
  5 river rats (Sewer)
  10 adders
  A shadow imp (D:7)
  3 white imps
  2 ufetubi (D:6)
  A dart slug (D:1)
  2 ribbon worms
  25 orcs
  7 ball pythons
  4 endoplasms
  2 giant cockroaches (D:1)
  5 goblins
  10 hobgoblins
  4 jackals (D:1)
  7 quokkas
  5 bats
  6 frilled lizards
  3 kobolds
  8 rats
239 creatures vanquished.

Vanquished Creatures (others)
  11 fulminant prisms
11 creatures vanquished.

Grand Total: 250 creatures vanquished

Notes
Turn   | Place    | Note
-------+----------+-------------------------------------------
     0 | D:1      | shadizar the Djinni Conjurer began the quest for the Orb.
     0 | D:1      | shadizar set off with the following spells memorised: Magic
                  | Dart, Searing Ray, Fulminant Prism, Iskenderun's Mystic
                  | Blast.
     0 | D:1      | Reached XP level 1. HP: 15/15 MP: 0/0
    56 | D:1      | Reached XP level 2. HP: 15/21 MP: 0/0
   264 | D:1      | Reached XP level 3. HP: 23/25 MP: 0/0
   264 | D:1      | Learned a level 1 spell: Shock
   740 | D:2      | Reached skill level 1 in Fighting
   748 | D:2      | Found Kiom's Antique Weapon Boutique.
   853 | D:2      | Noticed Jessica
   856 | D:2      | Killed Jessica
   857 | D:2      | Reached XP level 4. HP: 31/33 MP: 0/0
  1062 | D:2      | Found a sacrificial altar of Ru.
  1185 | D:2      | Reached skill level 2 in Fighting
  1558 | D:3      | Noticed a water moccasin
  1565 | D:3      | Killed a water moccasin
  1566 | D:3      | Reached skill level 3 in Fighting
  1566 | D:3      | Reached XP level 5. HP: 28/40 MP: 0/0
  1566 | D:3      | Learned a level 2 spell: Scorch
  1566 | D:3      | Reached XP level 6. HP: 32/46 MP: 0/0
  1571 | D:3      | Found a faded altar of an unknown god.
  1655 | D:3      | Found a glowing drain.
  1710 | D:3      | Found a bloodstained altar of Trog.
  1734 | Sewer    | Entered a sewer
  1948 | Sewer    | Reached skill level 4 in Fighting
  2206 | Sewer    | Reached skill level 5 in Spellcasting
  2206 | Sewer    | Reached skill level 5 in Conjurations
  2206 | Sewer    | Reached skill level 5 in Hexes
  2206 | Sewer    | Reached skill level 5 in Summonings
  2206 | Sewer    | Reached skill level 5 in Necromancy
  2206 | Sewer    | Reached skill level 5 in Translocations
  2206 | Sewer    | Reached skill level 5 in Fire Magic
  2206 | Sewer    | Reached skill level 5 in Ice Magic
  2206 | Sewer    | Reached skill level 5 in Air Magic
  2206 | Sewer    | Reached skill level 5 in Earth Magic
  2206 | Sewer    | Reached skill level 5 in Alchemy
  2230 | Sewer    | HP: 1/47 [brain worm/psychic fangs (14)]
  2233 | Sewer    | Reached XP level 7. HP: 20/53 MP: 0/0
  2233 | Sewer    | Learned a level 3 spell: Gell's Gravitas
  2385 | D:3      | Found a basalt altar of Yredelemnul.
  2390 | D:3      | Found a glowing golden altar of the Shining One.
  2391 | D:3      | Found a white marble altar of Elyvilon.
  3276 | D:4      | Found a runed translucent door.
  3277 | D:4      | Noticed Crazy Yiuf
  3346 | D:4      | Identified the +4 spear "Cizit" {elec, rCorr}
  3474 | D:4      | Reached skill level 5 in Fighting
  3563 | D:4      | Found a staircase to the Ecumenical Temple.
  3570 | D:4      | Found the amulet of Elemental Vulnerability {rPois rF--
                  | rC-- AC+8}
  3593 | Temple   | Entered the Ecumenical Temple
  3604 | Temple   | Became a worshipper of Makhleb the Destroyer
  4015 | D:5      | Entered Level 5 of the Dungeon
  4070 | D:5      | Reached XP level 8. HP: 25/60 MP: 0/0
  4312 | D:5      | Found Hoyqebb's Magic Scroll Shop.
  4463 | D:5      | Reached skill level 6 in Fighting
  5041 | D:5      | Found Karufunluedd's Hydra Hut.
  5043 | D:5      | Noticed a four-headed hydra
  5386 | D:6      | Reached * piety under Makhleb
  6305 | D:7      | Reached XP level 9. HP: 55/67 MP: 0/0
  6305 | D:7      | Learned a level 3 spell: Swiftness
  6492 | D:7      | Reached skill level 7 in Fighting
  6584 | D:7      | Reached skill level 5 in Dodging
  6789 | D:7      | Noticed Maggie
  6823 | D:7      | Killed Maggie
  7086 | D:7      | Reached skill level 1 in Armour
  7091 | D:7      | Reached skill level 8 in Fighting
  7239 | D:7      | Reached XP level 10. HP: 58/76 MP: 0/0
  7479 | D:7      | Found a shadowy altar of Dithmenos.
  7479 | D:7      | Found a hide-covered altar of Uskayaw.
  7666 | D:7      | Reached ** piety under Makhleb
  8262 | D:8      | Found a staircase to the Lair.
  8764 | Lair:1   | Entered Level 1 of the Lair of Beasts
  8907 | Lair:1   | Noticed a cane toad
  8917 | Lair:1   | Killed a cane toad
  8989 | Lair:1   | Noticed a rime drake
  8996 | Lair:1   | Killed a rime drake
  8997 | Lair:1   | Reached skill level 9 in Fighting
  9199 | Lair:1   | Reached XP level 11. HP: 6/84 MP: 0/0
  9199 | Lair:1   | Learned a level 5 spell: Alistair's Intoxication
  9513 | Lair:1   | Reached *** piety under Makhleb
  9515 | Lair:1   | Reached skill level 5 in Armour
 10243 | Lair:2   | Reached skill level 10 in Fighting
 10403 | Lair:2   | Reached XP level 12. HP: 68/92 MP: 0/0
 10702 | Lair:2   | Killed from afar by a bog body

Illustrated notes

Levels and vault maps discovered:
D:1:      dpeg_arrival_tiny_j, layout_rooms
D:2:      layout_loops_ring, basic_altar, serial_shops, nicolae_shop_dealshenge,
          uniq_jessica
D:3:      layout_rooms, grunt_temple_overflow_open,
          hellmonk_ecumenical_altar_blasted, portal_sewer_entry_d, hex_large,
          minmay_misc_feat_chi, chequers_serial_rivers_room_b,
          minmay_statues_item
D:4:      layout_basic, minmay_temple_entry_ruins, uniq_crazy_yiuf_cottage
D:5:      layout_loops_ring, serial_shops, shop, dreamdust_mushroom_princess,
          doesnt_shop_hydraphobe
D:6:      layout_basic
D:7:      layout_loops_corners, gammafunk_temple_overflow_forgotten, uniq_maggie
D:8:      layout_basic, lair_entry_dummy, hangedman_decor_opposing,
          minmay_mini_ossuary
Temple:   compressed_dpeg_circular_temple
Lair:1:   layout_loops_ring, lemuel_fruit_tree
Lair:2:   layout_gridlike, nicolae_swamp_entry_splash_gauntlet,
          grunt_megastairs_1, lemuel_fruit_fields, uniq_harold

Skill      XL: |  1  2  3  4  5  6  7  8  9 10 11 12 |
---------------+-------------------------------------+-----
Stealth        | 2 |  2.0
Fighting       | 1 3 4 5 6 8 9 10 | 10.5
Spellcasting   | 4 5 6 7 8 |  8.9
Conjurations   | 4 5 6 7 8 |  8.9
Hexes          | 4 5 6 7 8 |  8.9
Summonings     | 4 5 6 7 8 |  8.9
Necromancy     | 4 5 6 7 8 |  8.9
Translocations | 4 5 6 7 8 |  8.9
Fire Magic     | 4 5 6 7 8 |  8.9
Ice Magic      | 4 5 6 7 8 |  8.9
Air Magic      | 4 5 6 7 8 |  8.9
Earth Magic    | 4 5 6 7 8 |  8.9
Alchemy        | 4 5 6 7 8 |  8.9
Dodging        | 4 6 8 9 |  9.8
Armour         | 1 4 6 7 |  7.0

Action                     |  1- 3 |  4- 6 |  7- 9 | 10-12 || total
---------------------------+-------+-------+-------+-------++-------
  Melee: Unarmed           |    10 |     1 |     7 |       ||    18
         Staff             |       |       |       |     1 ||     1
   Cast: Magic Dart        |    59 |    97 |   232 |   135 ||   523
         Searing Ray       |       |     8 |     3 |       ||    11
         Iskenderun's Myst |       |       |    34 |   105 ||   139
         Fulminant Prism   |       |       |     7 |     5 ||    12
    Use: Potion            |       |     1 |       |       ||     1
         Scroll            |       |       |    10 |     6 ||    16
 Armour: Robe              |     6 |    25 |    84 |       ||   115
         Steam dragon scal |       |       |     3 |     7 ||    10
         Acid dragon scale |       |       |       |    40 ||    40
         Skin              |       |       |       |     1 ||     1
  Dodge: Dodged            |     6 |    39 |    51 |    41 ||   137
